 Dungeon Crawl Stone Soup version 0.27-a0-1532-gca18f49f40 (webtiles) character file.

Game seed: 15201067340065133573

60 garrulousMonolith the Magician (level 4, 0/33 HPs)
             Began as a Djinni Air Elementalist on July 12, 2021.
             Killed by their own static electricity (3 damage)
             ... on level 3 of the Dungeon.
             The game lasted 00:02:34 (2440 turns).

garrulousMonolith the Magician (DjAE)               Turns: 2440, Time: 00:02:35

Health: 0/33       AC:  4    Str:  7    XL:     4   Next: 25%
Gold:   122        EV: 12    Int: 17    God:
                   SH:  0    Dex: 14

rFire    + + .     SeeInvis .   (no weapon)
rCold    x . .     Faith    .   (no shield)
rNeg     . . .     Spirit   .   a - +0 robe
rPois    ∞         Reflect  .   (no helmet)
rElec    .         Harm     .   j - +1 cloak
rCorr    .         Rampage  .   (no gloves)
Will     .....                  (boots unavailable)
Stlth    ++........             (no amulet)
HPRegen  0.11/turn              (no ring)
MPRegen  0.00/turn              (no ring)

@: flying
A: sickness immunity, fire resistance 2, cold vulnerability 1, float, innate
caster, hp casting, extra vitality 1
a: no special abilities


You were on level 3 of the Dungeon.
You visited 1 branch of the dungeon, and saw 3 of its levels.

You collected 122 gold pieces.

Inventory:

Missiles
 e - 2 atropa-tipped darts
 h - 5 javelins
Armour
 a - a +0 robe (worn)
 b - a +2 ring mail of fire resistance
 i - a scarf of invisibility
 j - a +1 cloak (worn)
Scrolls
 c - 2 scrolls of identify {unknown}
Potions
 d - 2 potions of curing
 f - a potion of might {unknown}
 g - a potion of heal wounds {unknown}


   Skills:
 * Level 1.8 Fighting
 + Level 2.7 Dodging
 - Level 2.0 Stealth
 * Level 2.9 Spellcasting


You couldn't memorise any spells.
You knew the following spells:

 Your Spells              Type           Power      Damage    Failure   Level
a - Shock                 Conj/Air       48%        1d6       5%          1
b - Airstrike             Air            6%         N/A       45%         4
c - Static Discharge      Conj/Air       12%        N/A       8%          2
d - Swiftness             Air            12%        N/A       16%         3
e - Magic Dart            Conj           48%        1d5       5%          1
Your spell library was empty.

Dungeon Overview and Level Annotations

Branches:
Dungeon (3/15)

Altars:


Innate Abilities, Weirdness & Mutations

You are immune to sickness and miasma.
You are immune to poison.
Your flesh is very heat resistant. (rF++)
You are vulnerable to cold. (rC-)
You float through the air rather than walking.
You learn spells naturally, not from books.
Your magical power is your life essence.
You have superior vitality. (+4 HP)


Message History

d - Airstrike Adjust to which letter? b - Airstrike; d - Swiftness
Casting: Swiftness (quite dangerous; 16% risk of failure)
Confirm with . or Enter, or press ? or * to list all spells.
Sigmund is struck by an arc of lightning.
Sigmund is heavily wounded.
You are struck by an arc of lightning.
* * * LOW HITPOINT WARNING * * *
The lightning grounds out.
* * * LOW HITPOINT WARNING * * *
Sigmund barely misses you.
Casting: Static Discharge (safe; 8% risk of failure)
Confirm with . or Enter, or press ? or * to list all spells.
Sigmund is struck by an arc of lightning.
Sigmund is severely wounded.
The lightning grounds out.
* * * LOW HITPOINT WARNING * * *
Sigmund misses you.
Casting: Static Discharge (safe; 8% risk of failure)
Confirm with . or Enter, or press ? or * to list all spells.
Sigmund is struck by an arc of lightning!
Sigmund is almost dead.
The lightning grounds out.
* * * LOW HITPOINT WARNING * * *
Sigmund points at you and mumbles some strange words.
You are confused.
You're too confused to cast spells.
It was a potion of curing.
You feel better. Sigmund gestures at you while chanting.
The magic dart hits you.
* * * LOW HITPOINT WARNING * * *
You aren't carrying any items that you can evoke.
Unknown command.
Casting: Static Discharge (safe; 8% risk of failure)
Confirm with . or Enter, or press ? or * to list all spells.
Sigmund is struck by an arc of lightning!
You kill Sigmund!
You are struck by an arc of lightning.
You die...

########### .......).#
...# #@#
##.###.#####.#.#..K# #
#...............?...
####.#..###.#####.#.#...#
....>.....#.....#.....$.
####.#..#.#####.#.....# #
#..#.....#.#.)..
#..#.#.....#..######
#..........#........


There were no monsters in sight!

Vanquished Creatures
  Sigmund (D:3)
  2 adders (D:2)
  3 dart slugs
  2 endoplasms
  A giant cockroach (D:2)
  2 goblins (D:2)
  2 hobgoblins
  9 kobolds (D:1)
  A quokka (D:2)
  2 ball pythons
  2 bats
  4 frilled lizards
  9 rats
40 creatures vanquished.

Vanquished Creatures (others)
  11 plants (D:1)
11 creatures vanquished.

Grand Total: 51 creatures vanquished

Notes
Turn   | Place    | Note
-------+----------+-------------------------------------------
     0 | D:1      | garrulousMonolith the Djinni Air Elementalist began the
                  | quest for the Orb.
     0 | D:1      | Reached XP level 1. HP: 15/15 MP: 0/0
   156 | D:1      | Found a faded altar of an unknown god.
   257 | D:1      | Reached XP level 2. HP: 21/22 MP: 0/0
   545 | D:1      | Reached skill level 1 in Fighting
   839 | D:1      | Reached XP level 3. HP: 23/27 MP: 0/0
   839 | D:1      | Learned a level 1 spell: Magic Dart
  1704 | D:2      | Reached XP level 4. HP: 26/33 MP: 0/0
  2421 | D:3      | Noticed Sigmund
  2440 | D:3      | Killed Sigmund
  2440 | D:3      | Killed from afar by themself

Illustrated notes

Levels and vault maps discovered:
D:1:      lightli_arrival_quake, layout_rooms,
          hellmonk_ecumenical_altar_heavens_door, lexackson_kobold_supper
D:2:      layout_loops_corners
D:3:      layout_basic, minitemple, minmay_misc_feat_tower, uniq_sigmund

Skill      XL: |  1  2  3 |
---------------+----------+-----
Fighting       | 1 |  1.8
Stealth        | 2 |  2.0
Dodging        | |  2.7
Spellcasting   | |  2.9

Action                   |  1- 3 |  4- 6 || total
-------------------------+-------+-------++-------
 Cast: Shock             |    71 |    20 ||    91
       Static Discharge  |       |     3 ||     3
  Use: Potion            |       |     1 ||     1
Dodge: Dodged            |     7 |     6 ||    13

Table legend: (Time is in decaauts)
 A = Elapsed time spent in this place.
 B = Non-inter-level travel time spent in this place.
 C = Inter-level travel time spent in this place.
 D = Time resting spent in this place.
 E = Time spent auto-exploring this place.
 F = Levels seen in this place.
 G = Mean time per level.
                   A        B        C        D        E       F      G
               +--------+--------+--------+--------+--------+-----+--------+
         Total |   2440 |   2365 |     75 |     91 |   2076 |   3 |  813.3 |
       Dungeon |   2440 |   2365 |     75 |     91 |   2076 |   3 |  813.3 |
               +--------+--------+--------+--------+--------+-----+--------+

Top non-repeatable levels by time:
     D:2: 1195 daAuts
     D:1: 1193 daAuts
     D:3: 51 daAuts
